 Dungeon Crawl Stone Soup version 0.26-a0-30-g56b8cd3df0 (webtiles) character file.

Game seed: 11313707451797192034, levelgen mode: deterministic

88 vurker the Magician (level 4, -2/25 HPs)
             Began as a Deep Elf Wizard on May 29, 2020.
             Slain by Grinder (5 damage)
             ... on level 3 of the Dungeon.
             The game lasted 00:03:38 (2900 turns).

vurker the Magician (Deep Elf Wizard)               Turns: 2900, Time: 00:03:38

Health: -2/25      AC: 10    Str:  4    XL:     4   Next: 30%
Magic:  10/13      EV: 13    Int: 24    God:
Gold:   140        SH:  0    Dex: 13    Spells: 9/14 levels left

rFire    . . .     SeeInvis .   f - +1 quarterstaff (protect)
rCold    . . .     Gourm    .   (shield currently unavailable)
rNeg     . . .     Faith    .   a - +0 robe
rPois    .         Spirit   .   b - +0 hat
rElec    .         Reflect  .   n - +0 cloak
rCorr    .         Harm     .   (no gloves)
MR       .....                  (no boots)
Stlth    ++........             c - amulet of magic regeneration
HPRegen  0.08/turn              (no ring)
MPRegen  0.38/turn              (no ring)

@: protection aura, very slightly contaminated
A: no striking features
a: no special abilities


You were on level 3 of the Dungeon.
You were not hungry.

You visited 1 branch of the dungeon, and saw 3 of its levels.

You collected 140 gold pieces.

Inventory:

Hand Weapons
 f - a +1 quarterstaff of protection (weapon)
   (You found it on level 2 of the Dungeon)
Armour
 a - a +0 robe (worn)
 b - a +0 hat (worn)
 n - a +0 cloak (worn)
   (You found it on level 2 of the Dungeon)
Magical Staves
 h - an uncursed staff of poison
   (You found it on level 2 of the Dungeon)
Jewellery
 c - an amulet of magic regeneration (around neck)
   (You found it on level 1 of the Dungeon)
Scrolls
 k - a scroll of enchant weapon {unknown}
Potions
 d - a potion of ambrosia {unknown}
 i - a potion of heal wounds {unknown}
 j - a potion of mutation {unknown}
 l - a potion of brilliance {unknown}
Comestibles
 e - 3 rations
 g - 4 chunks of flesh


   Skills:
 + Level 1.2 Fighting
 - Level 2.4 Dodging
 - Level 2.4 Stealth
 * Level 5.6 Spellcasting
 * Level 2.9 Conjurations
 - Level 1.1 Summonings
 - Level 1.1 Translocations


You had 9 spell levels left.
You knew the following spells:

 Your Spells              Type           Power        Failure   Level  Hunger
a - Magic Dart            Conj           ###.         2%          1    None
b - Call Imp              Summ           ##......     8%          2    None
w - Blink                 Tloc           N/A          8%          2    None

Your spell library contained the following spells:

 Spells                   Type           Power        Failure   Level  Hunger
 Slow                     Hex            #.......     13%         2    None
 Conjure Flame            Conj/Fire      ##......     14%         3    #......
 Mephitic Cloud           Conj/Pois/Air  ##......     17%         3    #......


Dungeon Overview and Level Annotations

Branches:
Dungeon (3/15)

Altars:

Annotations:
D:3 Grinder


Message History

You kill the kobold!
You can't see any susceptible monsters within range! (Use Z to cast anyway.)
You can't see any susceptible monsters within range! (Use Z to cast anyway.)
A hobgoblin comes into view.
A hobgoblin is nearby!
A hobgoblin is nearby!
Aim: a hobgoblin (wandering, hasn't noticed you)
The magic dart hits the hobgoblin.
The hobgoblin shouts!
Aim: a hobgoblin (moderately wounded)
The magic dart hits the hobgoblin.
You kill the hobgoblin!
You can't see any susceptible monsters within range! (Use Z to cast anyway.)
You can't see any susceptible monsters within range! (Use Z to cast anyway.)
Things that are here:
a +0 club; a stone; a kobold corpse
Found a stone staircase leading down.
There is a stone staircase leading down here.
Found a kite shield.
Grinder comes into view.
A beastly little devil appears in a puff of flame.
Grinder shouts!
You miscast Call Imp.
You are very lightly contaminated with residual magic.
Nothing appears to happen.
Your crimson imp blinks!
A beastly little devil appears in a puff of flame.
Aim: Grinder The magic dart hits Grinder.
Grinder gestures at you.
You suddenly lose the ability to move!
Your crimson imp hits Grinder but does no damage.
Grinder gestures at you.
You barely resist.
Your crimson imp blinks!
Your crimson imp hits Grinder.
Grinder hits you.
You writhe in agony.
You can move again.
You hit Grinder.
Your weapon exudes an aura of protection.
Grinder says, "Don't move a muscle."
Grinder hits you but does no damage.
Your crimson imp blinks!
Grinder misses you.
You closely miss Grinder.
Your crimson imp blinks!
Grinder hits you!
* * * LOW HITPOINT WARNING * * *
You writhe in agony.
You die...

##.#.######## ............#
..#..######.# ..#.##
####.#### ..#
###.####.......# ...#
#.#.......##.# #...####
###.........##.# #........
....#.#.###.##.#####§...##.#
....#.#.# #..5..@5..........
........###.................
...)#.......##..............
...............###......##.#
###.......#.##.# #.#........
##.#.#..#.##.# #......####
####.#<...(.##.# #.÷###.#
.....###..####.# #..# #.#
####......# #.# #..###.# ###


You could see Grinder and a friendly crimson imp (summoned).

Vanquished Creatures
  2 adders
  3 worms (D:2)
  3 leopard geckos
  An orc (D:3)
  A ball python (D:1)
  6 bats
  5 giant cockroaches
  6 goblins
  11 hobgoblins
  5 kobolds
  4 frilled lizards
  9 rats
56 creatures vanquished.

Notes
Turn   | Place    | Note
-------+----------+-------------------------------------------
     0 | D:1      | vurker the Deep Elf Wizard began the quest for the Orb.
     0 | D:1      | Reached XP level 1. HP: 10/10 MP: 7/7
   241 | D:1      | Reached XP level 2. HP: 16/16 MP: 6/9
   282 | D:1      | Learned a level 2 spell: Call Imp
   285 | D:1      | Learned a level 2 spell: Blink
  1011 | D:1      | Reached skill level 5 in Spellcasting
  1087 | D:1      | Reached XP level 3. HP: 20/20 MP: 7/11
  1689 | D:2      | Reached skill level 1 in Fighting
  2444 | D:3      | Reached XP level 4. HP: 19/25 MP: 8/13
  2889 | D:3      | Noticed Grinder
  2893 | D:3      | Paralysed by Grinder for 6 turns
  2900 | D:3      | Slain by Grinder

Illustrated notes

Levels and vault maps discovered:
D:1:      erik_arrival_blinker_ship, layout_basic
D:2:      layout_loops_ring, minmay_close_crescents
D:3:      layout_loops_cross, chequers_big_river, uniq_grinder

Skill      XL: |  1  2  3 |
---------------+----------+-----
Conjurations   | 2 |  2.9
Spellcasting   | 5 |  5.6
Fighting       | 1 |  1.2
Dodging        | |  2.4
Stealth        | |  2.4
Summonings     | |  1.1
Translocations | |  1.1

Action                   |  1- 3 |  4- 6 || total
-------------------------+-------+-------++-------
Melee: Unarmed           |    22 |       ||    22
       Quarterstaff      |    15 |     2 ||    17
 Cast: Magic Dart        |   118 |    26 ||   144
       Call Imp          |       |     2 ||     2
  Use: Scroll            |     3 |     2 ||     5
  Eat: Chunk             |     5 |     1 ||     6
Armor: Robe              |    29 |     2 ||    31
Dodge: Dodged            |    60 |     9 ||    69

Table legend:
 A = Non-vault XP
 B = Vault XP
 C = Vault XP percentage of total XP
 D = Non-vault monster count
 E = Vault monster count
 F = Vault count percentage of total count
                 A         B        C        D         E       F
            +---------+---------+-------+---------+---------+-------
      Total |     120 |       7 |   5.5 |      52 |       4 |   7.1
            +---------+---------+-------+---------+---------+-------
        D:1 |      48 |       0 |   0.0 |      29 |       0 |   0.0
        D:2 |      41 |       7 |  14.6 |      11 |       4 |  26.7
        D:3 |      31 |       0 |   0.0 |      12 |       0 |   0.0
            +---------+---------+-------+---------+---------+-------
